Map: Dusk Towers

Players

ShaDoWn

  • Race: Protoss Protoss
  • League: Master

MythiC - Winner!

  • Race: Terran Terran
  • League: Grandmaster

VOD

Have the link to the VOD?

Description

Time

  • Played on: Jan. 17, 2016, 9:29 a.m.
  • Length: 14:43
Show
View Real Time Build Order
Export as new Build Order

ShaDoWn Protoss 

Build Orders: 1 Gate Expand 

Get SALT Encoding   

  12  0:01  Probe (Chrono Boost)  
  13  0:11  Probe (Chrono Boost)  
  14  0:17  Pylon  
  14  0:22  Probe (Chrono Boost)  
  15  0:35  Probe (Chrono Boost)  
  16  0:36  Gateway  
  16  0:42  Assimilator  
  16  0:45  Probe (Chrono Boost)  
  17  0:56  Probe (Chrono Boost)  
  18  1:07  Probe (Chrono Boost)  
  19  1:17  Nexus  
  19  1:28  Cybernetics Core  
  19  1:30  Probe (Chrono Boost)  
  20  1:35  Assimilator  
  20  1:40  Probe (Chrono Boost)  
  21  1:49  Pylon  
  21  1:51  Probe (Chrono Boost)  
  23  2:01  Probe (Chrono Boost)  
  23  2:04  Warp Gate  
  23  2:07  Adept  
  25  2:12  Probe (Chrono Boost)  
  26  2:22  Probe (Chrono Boost)  
  27  2:23  Twilight Council  
  27  2:29  Probe (Chrono Boost)  
  28  2:33  Probe (Chrono Boost)  
  28  2:34  Adept  
  31  2:40  Probe (Chrono Boost)  
  31  2:43  Probe (Chrono Boost)  
  33  2:47  Robotics Facility  
  33  2:50  Probe (Chrono Boost)  
  34  2:54  Probe (Chrono Boost)  
  34  2:55  Resonating Glaives  
  35  3:01  Probe (Chrono Boost)  
  35  3:04  Probe (Chrono Boost)  
  37  3:12  Probe (Chrono Boost)  
  38  3:15  Probe (Chrono Boost)  
  39  3:22  Probe (Chrono Boost)  
  39  3:23  Gateway  
  39  3:25  Probe (Chrono Boost)  
  41  3:32  Probe (Chrono Boost)  
  41  3:34  Warp Prism (Chrono Boost)  
  42  3:37  Gateway  
  42  3:38  Gateway  
  44  3:45  Gateway  
  44  3:49  Gateway  
  44  3:56  Gateway  
  44  4:00  Pylon  
  44  4:01  Mothership Core  
  46  4:08  Assimilator  
  46  4:12  Assimilator  
  46  4:15  Pylon  
  46  4:18  Observer (Chrono Boost), Probe (Chrono Boost)  
  46  4:20  Pylon  
  46  4:23  Probe (Chrono Boost)  
  49  4:30  Probe (Chrono Boost)  
  50  4:33  Probe (Chrono Boost)  
  51  4:39  Probe (Chrono Boost)  
  52  4:45  Probe  
  52  4:49  Warp Prism (Chrono Boost), Adept x5  
  52  4:50  Adept x2  
  67  4:57  Blink (Chrono Boost)  
  67  4:58  Sentry x2  
  53  5:02  Probe  
  53  5:04  Probe  
  55  5:09  Nexus  
  55  5:11  Pylon  
  55  5:12  Adept x2  
  55  5:13  Adept  
  61  5:15  Adept  
  61  5:21  Probe x2  
  65  5:27  Forge  
  65  5:31  Pylon  
  65  5:32  Immortal  
  65  5:33  Probe  
  66  5:42  Pylon, Probe  
  71  5:49  Probe  
  72  5:52  Sentry  
  72  5:54  Probe, Adept x2  
  79  6:01  Probe  
  78  6:06  Probe  
  78  6:11  Protoss Ground Weapons Level 1 (Chrono Boost)  
  71  6:13  Probe  
  64  6:18  Probe  
  64  6:21  Pylon  
  64  6:27  Probe  
  64  6:28  Probe  
  66  6:37  Probe  
  71  6:42  Probe  
  67  6:48  Probe  
  67  6:49  Observer  
  67  6:52  Probe  
  61  6:54  Probe  
  61  7:00  Robotics Bay  
  62  7:01  Probe, Assimilator x2  
  63  7:08  Probe (Chrono Boost)  
  63  7:11  Adept  
  63  7:12  Adept x3  
  63  7:14  Probe x2 (Chrono Boost)  
  74  7:21  Probe (Chrono Boost)  
  75  7:26  Immortal (Chrono Boost), Probe (Chrono Boost)  
  80  7:30  Probe (Chrono Boost)  
  80  7:35  Probe (Chrono Boost)  
  80  7:36  Probe (Chrono Boost)  
  83  7:40  Stargate  
  83  7:41  Probe (Chrono Boost)  
  84  7:46  Probe (Chrono Boost)  
  84  7:47  Probe (Chrono Boost)  
  84  7:50  Probe  
  86  7:55  Protoss Ground Weapons Level 2  
  86  7:57  Probe  
  88  8:03  Pylon, Disruptor (Chrono Boost)  
  88  8:04  Pylon, Probe  
  91  8:09  Probe  
  93  8:13  Probe  
  93  8:26  Probe x2  
  89  8:33  Probe  
  87  8:38  Probe  
  87  8:39  Probe  
  87  8:40  Pylon  
  83  8:44  Probe  
  83  8:48  Disruptor (Chrono Boost)  
  82  8:49  Probe  
  82  8:50  Probe  
  82  8:51  Phoenix (Chrono Boost)  
  82  8:54  Probe  
  87  9:00  Probe  
  87  9:02  Probe  
  90  9:05  Probe  
  89  9:13  Probe  
  89  9:14  Probe  
  89  9:15  Probe  
  89  9:16  Stalker x4  
  99  9:18  Disruptor  
  102  9:25  Probe  
  102  9:26  Probe x2  
  102  9:31  Phoenix (Chrono Boost)  
  107  9:36  Probe  
  107  9:37  Probe  
  109  9:38  Probe  
  109  9:40  Adept x5  
  120  9:47  Probe  
  120  9:49  Probe, Disruptor  
  125  10:04  Adept  
  125  10:05  Adept x4  
  132  10:08  Pylon x2  
  132  10:11  Fleet Beacon  
  132  10:21  Warp Prism  
  132  10:27  Probe  
  135  10:34  Stargate  
  135  10:36  Pylon  
  135  10:47  Stalker x2  
  139  10:51  Protoss Ground Weapons Level 3  
  139  10:52  Pylon  
  139  10:53  Pylon  
  139  10:54  Pylon  
  139  10:55  Tempest (Chrono Boost)  
  143  11:02  Dark Shrine  
  141  11:05  Pylon  
  141  11:09  Disruptor  
  141  11:11  Pylon  
  144  11:18  Tempest (Chrono Boost)  
  144  11:22  Stalker x6  
  144  11:23  Stalker  
  144  11:24  Mothership Core  
  161  11:40  Disruptor  
  161  11:42  Tempest (Chrono Boost)  
  161  11:45  Pylon  
  158  11:55  Adept x4  
  158  11:56  Tempest (Chrono Boost), Adept  
  150  12:11  Disruptor  
  150  12:19  Tempest (Chrono Boost)  
  140  12:26  Adept x6  
  123  12:42  Probe x2, Disruptor  
  121  12:45  Dark Templar  
  121  12:49  Probe  
  127  12:54  Dark Templar x2, Probe  
  127  12:58  Dark Templar  
  134  13:06  Nexus  
  134  13:13  Disruptor  
  134  13:14  Tempest (Chrono Boost)  
  141  13:21  Pylon  
  136  13:40  Dark Templar x5  
  139  13:44  Disruptor  
  93  14:04  Tempest (Chrono Boost)  
  93  14:09  Adept x2  
  99  14:12  Adept x2  
  99  14:13  Adept  
  105  14:34  Adept x6  
Show
View Real Time Build Order
Export as new Build Order

MythiC Terran - Winner!

Build Orders: Liberator Opening 

Get SALT Encoding   

  12  0:00  SCV  
  13  0:12  SCV  
  14  0:17  Supply Depot  
  14  0:25  SCV  
  15  0:39  SCV  
  15  0:41  Barracks  
  16  0:44  Refinery  
  16  0:53  SCV  
  17  1:05  SCV  
  18  1:20  SCV  
  19  1:28  Barracks Reactor  
  19  1:32  Orbital Command  
  19  1:41  Command Center  
  19  1:51  Supply Depot  
  19  1:58  SCV  
  20  2:04  Marine x2  
  22  2:10  SCV, Factory  
  23  2:21  Refinery  
  23  2:22  Marine x2  
  25  2:23  SCV  
  26  2:35  SCV  
  27  2:40  Marine x2  
  29  2:47  SCV  
  30  2:53  Orbital Command  
  30  2:55  Widow Mine  
  30  2:56  Starport  
  32  2:59  SCV  
  32  3:01  Marine  
  32  3:03  Marine  
  35  3:11  SCV  
  36  3:19  Marine  
  37  3:20  SCV  
  37  3:21  Marine  
  37  3:24  SCV  
  37  3:25  Widow Mine  
  42  3:32  SCV  
  42  3:33  Supply Depot  
  42  3:34  Medivac  
  45  3:36  SCV  
  45  3:39  Supply Depot  
  46  3:46  Liberator  
  46  3:54  Marine x2  
  46  3:55  Factory Tech Lab, SCV x2  
  50  4:04  Supply Depot  
  50  4:07  SCV  
  50  4:08  SCV  
  55  4:19  SCV  
  55  4:20  SCV, Bunker  
  57  4:24  Marine  
  57  4:25  Marine  
  57  4:26  Cyclone  
  57  4:31  SCV  
  63  4:32  SCV  
  63  4:33  Supply Depot  
  64  4:41  Supply Depot  
  64  4:43  Liberator, SCV, Marine x2  
  64  4:44  Refinery  
  67  4:49  SCV  
  68  4:55  SCV  
  69  5:02  SCV  
  71  5:12  Cyclone, Marine x2, Command Center  
  71  5:13  SCV  
  77  5:16  SCV  
  78  5:27  SCV  
  79  5:33  Marine x2  
  79  5:34  Supply Depot, SCV  
  79  5:35  Supply Depot  
  82  5:39  SCV  
  83  5:46  SCV  
  83  5:48  Refinery  
  84  5:51  Supply Depot, SCV  
  84  5:53  Liberator  
  85  5:57  Siege Tank  
  85  6:00  Barracks  
  85  6:01  Barracks  
  85  6:02  SCV  
  88  6:07  SCV  
  88  6:09  Marine x2  
  91  6:17  SCV  
  92  6:21  Engineering Bay, Barracks  
  92  6:22  Engineering Bay, Barracks  
  92  6:24  Supply Depot  
  92  6:25  Orbital Command  
  92  6:27  SCV  
  92  6:31  SCV  
  94  6:33  Marine x2  
  94  6:39  SCV  
  97  6:43  Factory Tech Lab, SCV  
  98  6:51  Barracks Tech Lab  
  98  6:54  Starport Reactor  
  95  6:55  SCV  
  95  7:00  Marine x2  
  98  7:04  Supply Depot, Terran Infantry Armor Level 1, Terran Infantry Weapons Level 1  
  98  7:05  Supply Depot, Siege Tank  
  98  7:06  Stimpack, Marine  
  102  7:10  SCV  
  102  7:11  Orbital Command, Barracks Reactor x2  
  99  7:16  Marauder  
  99  7:18  SCV  
  99  7:22  SCV, Marine x2  
  105  7:30  Missile Turret x3  
  105  7:31  Missile Turret  
  105  7:33  Refinery  
  105  7:34  Missile Turret  
  105  7:37  SCV x2  
  105  7:38  Missile Turret  
  105  7:42  Marauder x2, Marine x2  
  105  7:43  Medivac  
  115  7:45  SCV  
  115  7:49  SCV  
  117  7:53  Supply Depot, Marine  
  117  7:54  Marine x3  
  117  7:55  Combat Shields  
  123  7:58  SCV x2  
  123  8:00  Marine x2  
  123  8:03  SCV  
  126  8:07  Siege Tank, Marauder x2  
  126  8:10  SCV  
  134  8:16  Marine  
  134  8:17  Medivac, Marine x4  
  134  8:18  Medivac  
  142  8:22  SCV, Armory  
  142  8:25  Marine  
  144  8:28  Marine  
  144  8:29  Barracks  
  144  8:30  SCV x2, Barracks  
  144  8:31  Supply Depot, Barracks, Marine  
  148  8:34  Marine  
  148  8:38  Supply Depot  
  149  8:44  Marine x3  
  149  8:45  Siege Tank, Marine x2  
  157  8:52  Marine x3  
  160  8:56  Medivac x2  
  164  9:05  Marine x5  
  169  9:10  Marine  
  169  9:12  Command Center  
  169  9:14  Marine x2  
  172  9:22  Terran Infantry Weapons Level 2, Terran Infantry Armor Level 2  
  173  9:25  Terran Vehicle Weapons Level 1  
  173  9:33  Barracks Tech Lab x2, Marine  
  173  9:34  Marine x3  
  173  9:35  Supply Depot  
  173  9:38  Supply Depot  
  173  9:39  Marine x2  
  173  9:42  Marauder, Marine x2  
  179  9:51  Marine x4  
  180  9:59  Marauder, Marine  
  183  10:00  Marauder  
  183  10:04  Marauder, Marine  
  189  10:10  Marauder  
  189  10:11  Barracks Tech Lab  
  189  10:20  Marine x3  
  189  10:21  Marauder x2, Marine  
  193  10:24  Siege Tank  
  195  10:30  Refinery, Starport  
  182  10:45  Marauder x2, Marine x2  
  182  10:48  Marauder, Marine x3  
  188  10:54  Planetary Fortress  
  187  11:06  Marauder, Marine x2  
  188  11:17  Marauder, Marine x3  
  193  11:22  Marauder x2, Marine x2  
  199  11:25  Missile Turret  
  199  11:37  Terran Ship Weapons Level 1  
  199  11:40  Supply Depot, Starport Reactor  
  199  11:41  Terran Infantry Armor Level 3, Terran Infantry Weapons Level 3  
  199  11:46  Marine  
  200  11:48  Liberator x2  
  200  11:51  Marauder, Marine x2  
  177  11:54  Marine  
  177  11:55  Marauder, Marine  
  177  11:57  Marauder, Marine x2  
  173  12:03  Marine  
  173  12:04  Marauder  
  173  12:06  Siege Tank  
  185  12:08  Marine x2  
  185  12:12  Marauder, Marine x2  
  185  12:15  Marauder  
  182  12:18  Marauder, Marine x2  
  176  12:24  Marine  
  176  12:25  Marauder  
  176  12:26  Marine x2  
  166  12:30  Marine x2  
  166  12:31  Viking  
  166  12:32  Viking  
  166  12:34  Marauder  
  166  12:36  Marauder, Marine x2  
  173  12:39  Marine  
  170  12:48  Viking x2  
  170  12:50  Marine x5  
  179  12:57  Marine x6  
  185  13:08  Marine  
  185  13:10  Marine x3  
  185  13:11  Marine, Command Center  
  185  13:15  Marine x6  
  185  13:16  Viking x2  
  185  13:18  Siege Tank, Viking  
  200  13:26  Command Center  
  199  13:29  Missile Turret  
  199  13:31  Marine  
  199  13:32  Orbital Command  
  195  13:41  Marine x3  
  195  13:43  Marine x6  
  195  13:44  Marine  
  180  13:49  Marine  
  162  13:59  Marine x3  
  162  14:00  Viking  
  162  14:01  Marine x7, Viking x2  
  164  14:07  Marine, Viking  
  167  14:15  Refinery x2  
  167  14:17  Marine x3  
  167  14:18  Marine  
  167  14:19  Marine x4  
  175  14:24  Marine x2  
Tags
 
Add a new tag
Caveats
  • Supply blocks, unpowered buildings, or Contaminate may cause inaccurate times.
  • Supply counts are checked every 10 seconds.